 Dungeon Crawl Stone Soup version 0.30.0-3-ga4e48a9924 (webtiles) character file.

Game seed: 13830378125360445040

1331 trckry the Charlatan (level 8, -4/60 HPs)
             Began as a Demonspawn Wanderer on May 7, 2023.
             Was an Initiate of Ashenzari.
             Slain by Prince Ribbit (13 damage)
             ... on level 5 of the Dungeon on May 8, 2023.
             The game lasted 00:08:48 (5132 turns).

trckry the Charlatan (Demonspawn Wanderer)          Turns: 5132, Time: 00:08:49

Health: -4/60      AC: 15    Str: 20    XL:     8   Next: 34%
Magic:  9/9        EV: 11    Int: 14    God:    Ashenzari [......]
Gold:   155        SH:  0    Dex: 12    Spells: 8/9 levels left

rFire   . . .        a - +0 flail
rCold   . . .        (no shield)
rNeg    . . .        x - +1 ring mail of Arcadian Liberty {Str+5 Stlth+}
rPois   .            u - +0 helmet
rElec   .            d - +0 cloak
rCorr   .            (no gloves)
SInv    .            (no boots)
Will    .....        (no amulet)
Stlth   ++           r - +4 ring of protection
HPRegen 0.30/turn    (no ring)
MPRegen 0.11/turn

%: no passive effects
@: no status effects
A: yellow scales 1, foul stench 1, spiny 1, demonic touch 2
a: Renounce Religion, Curse Item


You were on level 5 of the Dungeon.
You worshipped Ashenzari.
Ashenzari was noncommittal.
You visited 2 branches of the dungeon, and saw 6 of its levels.

You collected 155 gold pieces.

Inventory:

Hand Weapons
 a - a +0 flail (weapon)
 z - a +0 whip of venom
Missiles
 p - 8 javelins (quivered)
Armour
 d - a +0 cloak (worn)
 u - a +0 helmet (worn)
 x - the +1 ring mail of Arcadian Liberty (worn) {Str+5 Stlth+}
   (You found it on level 5 of the Dungeon)

   Str:       It affects your strength (+5).
   Stlth:     It makes you more stealthy.
Jewellery
 r - a +4 ring of protection (left hand)
 w - a ring of ice
 A - an amulet of regeneration
Wands
 t - a wand of charming (5)
Scrolls
 g - 2 scrolls of enchant armour {unknown}
 h - a scroll of amnesia {unknown}
 l - 2 scrolls of blinking {unknown}
 m - 5 scrolls of identify {unknown}
 n - 4 scrolls of teleportation {unknown}
 q - a scroll of butterflies {unknown}
 s - 2 scrolls of magic mapping {unknown}
 v - 2 scrolls of enchant weapon {unknown}
 y - a scroll of silence {unknown}
 B - a scroll of poison {unknown}
 D - a scroll of noise {unknown}
Potions
 b - 2 potions of lignification
 c - 6 potions of curing {unknown}
 e - 2 potions of mutation {unknown}
 f - a potion of degeneration {unknown}
 i - 5 potions of flight {unknown}
 j - a potion of attraction {unknown}
 k - a potion of berserk rage {unknown}
 o - 4 potions of heal wounds {unknown}
 C - a potion of haste


   Skills:
 - Level 4.0 Fighting
 * Level 4.3 Maces & Flails
 + Level 5.1 Armour
 + Level 3.0 Dodging
 - Level 1.0 Stealth
 - Level 1.0 Spellcasting
 - Level 2.0 Conjurations
 + Level 5.4 Evocations


You had 8 spell levels left.
You knew the following spells:

 Your Spells              Type           Power      Damage    Failure   Level
a - Foxfire               Conj/Fire      12%        2x1d4     28%         1

Your spell library contained the following spells:

 Spells                   Type           Power      Damage    Failure   Level
 Momentum Strike          Conj/Tloc      6%         3d8       38%         2
 Dazzling Flash           Conj/Hex       6%         N/A       63%         3
 Volatile Blastmotes      Fire/Tloc      0%         2d10      77%         3
 Flame Wave               Conj/Fire      3%         2d5       95%         4
 Fulminant Prism          Conj/Hex       1%         3d5       95%         4
 Iskenderun's Mystic Bla  Conj/Tloc      3%         2d3       95%         4
 Iskenderun's Battlesphe  Conj           6%         2d6       99%         5
 Fireball                 Conj/Fire      1%         3d3       100%        5
 Lee's Rapid Deconstruct  Erth           0%         3d4*      100%        5
 Conjure Ball Lightning   Conj/Air       1%         3x3d6     100%        6
 Starburst                Conj/Fire      1%         6d3       100%        6
 Orb of Destruction       Conj           3%         9d5       100%        7


Dungeon Overview and Level Annotations

Branches:
Dungeon (5/15) Zot: 24943  Temple (1/1) D:5 Zot: 5841

Altars:
Ashenzari
Cheibriados
Dithmenos
Fedhas
Gozag
Hepliaklqana
Kikubaaqudgha
Makhleb
Nemelex Xobeh
Okawaru
Sif Muna
Trog
Uskayaw
Wu Jian
Xom

Shops:
D:2 [   D:3 *[(

Annotations:
D:5 Prince Ribbit


Innate Abilities, Weirdness & Mutations

You are partially covered in yellow scales. (AC +2)
You may rarely emit foul miasma when damaged in melee.
You are partially covered in sharp spines.
Your touch may inflict irresistible damage on your foes.


Message History

Your Dodging skill increases to level 3!
You hit Prince Ribbit.
Prince Ribbit is heavily wounded.
Prince Ribbit barely misses you.
You closely miss Prince Ribbit.
Prince Ribbit is heavily wounded.
Prince Ribbit is struck by your spines.
Prince Ribbit hits you but does no damage.
The orc is struck by your spines. The orc hits you but does no damage.
The orc priest calls down the wrath of Beogh upon you.
Beogh smites you! Prince Ribbit hits you!
You barely miss the orc.
The orc is moderately wounded.
Prince Ribbit closely misses you. The orc hits you but does no damage.
Prince Ribbit is struck by your spines. Prince Ribbit hits you.
You hit the orc but do no damage.
You touch the orc.
You kill the orc!
Prince Ribbit closely misses you.
The orc priest is struck by your spines.
The orc priest hits you with a +0 club.
* * * LOW HITPOINT WARNING * * *
You barely miss the orc priest. Your touch misses the orc priest.
The orc priest is heavily wounded.
Prince Ribbit hits you but does no damage.
Prince Ribbit is struck by your spines. Prince Ribbit hits you.
* * * LOW HITPOINT WARNING * * *
The orc priest is struck by your spines.
The orc priest hits you but does no damage.
You sock the orc priest!
You kill the orc priest!
Prince Ribbit hits you.
* * * LOW HITPOINT WARNING * * *
Prince Ribbit closely misses you.
You miss Prince Ribbit. Your touch misses Prince Ribbit.
Prince Ribbit is severely wounded.
Prince Ribbit closely misses you.
You miss Prince Ribbit.
Prince Ribbit is severely wounded.
Prince Ribbit hits you!
You die...

# ###..####.. ## #........
.## ###.#####.. ..## ##.#..#
...####....#################
...'...........<...........'
...####...#.####.##.#...##.#
..## ##.##.# #F##......#.#
.## ####.# #@#####...#.# ##
#...## #)# #.....# #
##..#..###.######..###
#.........).........#
#..##########.#.#.#.# #...
#..#.[.#.# ## #..
#.).##.###.# ≈# ...
#..o.##..# .####.>.. ≈≈ ###
#o..# #..# .# ......


You could see Prince Ribbit.

Vanquished Creatures
  An ice beast (D:4)
  An orc warrior (D:5)
  A black bear (D:4)
  3 ogres
  2 phantoms
  Blork the orc (D:5)
  A scorpion (D:5)
  A howler monkey (D:5)
  2 orc priests (D:5)
  3 gnoll boudas
  A sleepcap (D:5)
  3 orc wizards (D:5)
  4 adders
  12 gnolls
  A white imp (D:4)
  2 ufetubi (D:5)
  5 worms
  2 dart slugs
  7 orcs
  5 endoplasms
  4 giant cockroaches
  4 goblins
  4 hobgoblins
  3 jackals (D:3)
  5 kobolds
  4 quokkas
  7 ball pythons
  3 bats
  3 frilled lizards
  6 rats
101 creatures vanquished.

Vanquished Creatures (others)
  4 plants (D:5)
4 creatures vanquished.

Grand Total: 105 creatures vanquished

Notes
Turn   | Place    | Note
-------+----------+-------------------------------------------
     0 | D:1      | trckry the Demonspawn Wanderer began the quest for the Orb.
     0 | D:1      | trckry set off with the following items: a +1 mace, a
                  | potion of lignification, a +0 robe; and the following spell
                  | memorised: Foxfire; and the following spells available to
                  | memorise: Momentum Strike, Flame Wave.
     0 | D:1      | Reached XP level 1. HP: 18/18 MP: 2/2
   199 | D:1      | Gained mutation: You are partially covered in sharp spines.
                  | [demonic ancestry]
   199 | D:1      | Reached XP level 2. HP: 19/24 MP: 3/3
   683 | D:1      | Reached skill level 1 in Armour
  1344 | D:2      | Gained mutation: You are partially covered in yellow
                  | scales. (AC +2) [demonic ancestry]
  1344 | D:2      | Reached XP level 3. HP: 29/29 MP: 4/4
  1719 | D:2      | Found Litoen's Antique Armour Shoppe.
  2125 | D:3      | Found Lizofauwk's Armour Emporium.
  2309 | D:3      | Found a faded altar of an unknown god.
  2323 | D:3      | Prayed at the altar of an unknown god.
  2323 | D:3      | Became a worshipper of Ashenzari the Shackled
  2595 | D:3      | Identified the +2 spear "Hiopt" {heavy, rCorr}
  2660 | D:3      | Found Cauth's Assorted Antiques.
  2680 | D:3      | Gained mutation: You may rarely emit foul miasma when
                  | damaged in melee. [demonic ancestry]
  2680 | D:3      | Reached XP level 4. HP: 37/37 MP: 5/5
  2846 | D:3      | Found Fudir's Weapon Shoppe.
  2915 | D:4      | Noticed a phantom
  2926 | D:4      | Killed a phantom
  2927 | D:4      | Gained mutation: Your touch may inflict minor irresistible
                  | damage on your foes. [demonic ancestry]
  2927 | D:4      | Reached XP level 5. HP: 42/42 MP: 6/6
  3329 | D:4      | Noticed an ogre
  3335 | D:4      | Killed an ogre
  3336 | D:4      | Reached XP level 6. HP: 40/48 MP: 7/7
  3392 | D:4      | Noticed an ice beast
  3401 | D:4      | Killed an ice beast
  3630 | D:4      | Reached skill level 1 in Dodging
  3657 | D:4      | Reached XP level 7. HP: 37/54 MP: 8/8
  4072 | D:5      | Entered Level 5 of the Dungeon
  4091 | D:5      | Identified the +1 ring mail of Arcadian Liberty {Str+5
                  | Stlth+}
  4292 | D:5      | Reached skill level 5 in Evocations
  4447 | D:5      | Identified the +8 flail of Anguish {heavy, rF+ Stlth+}
  4496 | D:5      | Found a staircase to the Ecumenical Temple.
  4546 | Temple   | Entered the Ecumenical Temple
  4791 | D:5      | Gained mutation: Your touch may inflict irresistible damage
                  | on your foes. [demonic ancestry]
  4791 | D:5      | Reached XP level 8. HP: 32/60 MP: 9/9
  5009 | D:5      | Noticed Blork the orc
  5012 | D:5      | Killed Blork the orc
  5077 | D:5      | Reached skill level 5 in Armour
  5102 | D:5      | Noticed Prince Ribbit
  5130 | D:5      | HP: 9/60 [Prince Ribbit (4)]
  5132 | D:5      | Slain by Prince Ribbit

Illustrated notes

Levels and vault maps discovered:
D:1:      lightli_arrival_noodles, layout_basic
D:2:      layout_loops_ring, serial_shops, nicolae_shop_statue_plus,
          minmay_domino_2
D:3:      layout_basic, basic_ecumenical_altar, serial_shops,
          nicolae_shop_back_alley_shop, nicolae_shop_rolling_square,
          nicolae_shop_hallway_plus
D:4:      layout_loops_corners
D:5:      layout_loops_corners, lemuel_zombie_altar_yredelemnul,
          nicolae_ru_the_path_less_chosen, nicolae_elyvilon_temple_path,
          minmay_temple_entry_grid, guppyfry_early_orc_mine, uniq_blork_the_orc,
          uniq_prince_ribbit1
Temple:   eino_temple_rhombus

Skill      XL: |  1  2  3  4  5  6  7  8 |
---------------+-------------------------+-----
Armour         | 1 2 3 4 5 |  5.1
Evocations     | 2 3 4 5 |  5.4
Fighting       | 4 |  4.0
Dodging        | 1 2 3 |  3.0
Maces & Flails | 3 4 |  4.3
Stealth        | |  1.0
Spellcasting   | |  1.0
Conjurations   | |  2.0

Action                     |  1- 3 |  4- 6 |  7- 9 || total
---------------------------+-------+-------+-------++-------
  Melee: Mace              |    33 |       |       ||    33
         Flail             |    75 |    74 |   104 ||   253
         Punch             |     1 |       |     1 ||     2
         Touch             |       |    16 |    10 ||    26
  Throw: Javelin           |       |     3 |       ||     3
   Stab: Sleeping          |     1 |       |       ||     1
 Armour: Robe              |     4 |       |       ||     4
         Leather armour    |     2 |       |       ||     2
         Chain mail        |    56 |    49 |     1 ||   106
         Ring mail         |       |       |    56 ||    56
  Dodge: Dodged            |    36 |    19 |    48 ||   103
